 Dungeon Crawl Stone Soup version 0.32-a0-30-gefbe487952 (webtiles) character file.

Game seed: 11702059688861013065

49 anacleto the Changeling (level 3, 0/33 HPs)
             Began as a Troll Shapeshifter on Jan 20, 2024.
             Incinerated by a bombardier beetle (4 damage)
             ... with a burning spray
             ... on level 2 of the Dungeon.
             The game lasted 00:01:59 (1624 turns).

anacleto the Changeling (Troll Shapeshifter)        Turns: 1624, Time: 00:02:00

Health: 0/33       AC:  4    Str: 24    XL:     3   Next: 53%
Magic:  2/2        EV:  6    Int:  6    God:
Gold:   103        SH:  9    Dex:  9    Spells: 2/2 levels left

rFire   . .          .
                       - Unarmed
rCold   . . .        b - +0 tower shield
rNeg    . . .        a - +0 animal skin
rPois   .            (helmet currently unavailable)
rElec   .            (cloak currently unavailable)
rCorr   .            (gloves unavailable)
SInv    .            (boots unavailable)
Will    .....        (no amulet)
Stlth   +            (no ring)
HPRegen 1.05/turn    (no ring)
MPRegen 0.08/turn

%: no passive effects
@: on fire, beast-form, glowing
A: beast (slay +2), large, unfitting armour, claws 3, regeneration 1, shaggy fur
1, tough skin 1
a: Begin Untransformation


You were on level 2 of the Dungeon.
You were a hulking beast.
You visited 1 branch of the dungeon, and saw 3 of its levels.

You collected 103 gold pieces.

Inventory:

Armour
 a - a +0 animal skin (worn)
 b - a +0 tower shield (worn)
Jewellery
 h - a ring of ice
 l - a ring of flight
Talismans
 c - a beast talisman (active)
 d - a flux talisman
Scrolls
 f - a scroll of enchant weapon {unknown}
 g - a scroll of amnesia {unknown}
 i - a scroll of identify {unknown}
 j - a scroll of revelation {unknown}
 n - a scroll of fear {unknown}
Potions
 e - a potion of might {unknown}
 k - a potion of lignification
 m - a potion of degeneration {unknown}


   Skills:
 + Level 1.4 Fighting
 + Level 2.0 Dodging
 + Level 0.0 Shields
 + Level 3.3 Unarmed Combat
 * Level 3.6 Shapeshifting


You had 2 spell levels left.
You didn't know any spells.
Your spell library was empty.

Dungeon Overview and Level Annotations

Branches:
Dungeon (3/15)

Altars:


Innate Abilities, Weirdness & Mutations

You are a hulking beast.
Your limbs bulge with bestial killing power. (Slay +2)
You are too large for most types of armour.
You have claws for hands.
Your natural rate of healing is unusually fast.
You are covered in fur. (AC +1)
You have tough skin. (AC +1)


Message History

You block the bombardier beetle's attack.
Unknown command.
You closely miss the bombardier beetle. The liquid fire burns you!
The bombardier beetle barely misses you.
You scratch the bombardier beetle.
The bombardier beetle is moderately wounded.
The liquid fire burns you!
You barely miss the bombardier beetle.
The bombardier beetle is moderately wounded.
The liquid fire burns you!
The bombardier beetle sprays incendiary fluid at you.
The burning spray hits you.
You are even more covered in liquid fire!
You scratch the bombardier beetle.
The bombardier beetle is moderately wounded.
The liquid fire burns you!
The bombardier beetle sprays incendiary fluid at you.
The burning spray hits you.
You are even more covered in liquid fire!
You scratch the bombardier beetle.
The bombardier beetle is severely wounded.
The liquid fire burns you!
* * * LOW HITPOINT WARNING * * *
The bombardier beetle bites you.
* * * LOW HITPOINT WARNING * * *
You barely miss the bombardier beetle.
The bombardier beetle is severely wounded.
The liquid fire burns you!
* * * LOW HITPOINT WARNING * * *
You barely miss the bombardier beetle.
The bombardier beetle is severely wounded.
The liquid fire burns you!
* * * LOW HITPOINT WARNING * * *
The bombardier beetle sprays incendiary fluid at you.
You block the burning spray.
You barely miss the bombardier beetle.
The bombardier beetle is severely wounded.
The liquid fire burns you!
You die...

#.# #.# #..# #.# ### #.# ##.#
#.# ##.## #.# #.# #.# ##...##
#.# #.# #.# ##.....## #.# #.#
#.# ##.......###.# #.# #.#
#............# #.# #.#
##......†##### #.# ##.##
##...Bh## #.#
#.#.#########...## #.#
.###......# ##.## #.#
#.#.#####.# ##.## #.# ##.#.##
#.###...############.# #.....#
#......[.............#
#..#.########...##############
#..#...........##
...#############


You could see a bombardier beetle.

Vanquished Creatures
  2 adders (D:2)
  A ribbon worm (D:2)
  4 endoplasms
  4 giant cockroaches (D:1)
  2 goblins (D:1)
  3 hobgoblins
  A quokka (D:2)
  3 ball pythons
  3 frilled lizards
  A kobold (D:1)
  2 rats (D:2)
26 creatures vanquished.

Notes
Turn   | Place    | Note
-------+----------+-------------------------------------------
     0 | D:1      | anacleto the Troll Shapeshifter began the quest for the
                  | Orb.
     0 | D:1      | Reached XP level 1. HP: 18/18 MP: 0/0
    41 | D:1      | Found a faded altar of an unknown god.
   267 | D:1      | Reached skill level 1 in Fighting
   303 | D:1      | Reached XP level 2. HP: 27/27 MP: 1/1
   792 | D:2      | Reached XP level 3. HP: 12/33 MP: 2/2
  1624 | D:2      | Incinerated by a bombardier beetle

Illustrated notes

Levels and vault maps discovered:
D:1:      dpeg_arrival_simpleton_a, layout_basic,
          chequers_ecumenical_altar_simple_redux, nicolae_houndstooth_variations
D:2:      layout_loops_ring
D:3:      minmay_spotlight, layout_basic, gammafunk_ghost_necromancy,
          kennysheep_generic_room_9, uniq_grinder, uniq_crazy_yiuf_cottage

Skill      XL: |  1  2  3 |
---------------+----------+-----
Fighting       | 1 |  1.4
Dodging        | 2 |  2.0
Unarmed Combat | |  3.3
Shapeshifting  | |  3.6

Action                     || total
---------------------------++-------
  Melee: Unarmed           ||    78
         Punch             ||     1
Ability: Begin Untransform ||     1
    Use: Potion            ||     1
 Armour: Animal skin       ||    51
         Skin              ||    13
  Dodge: Dodged            ||    31
  Block: Tower shield      ||     4
   Form: Beast             ||     1

Table legend: (Time is in decaauts)
 A = Elapsed time spent in this place.
 B = Non-inter-level travel time spent in this place.
 C = Inter-level travel time spent in this place.
 D = Time resting spent in this place.
 E = Time spent auto-exploring this place.
 F = Levels seen in this place.
 G = Mean time per level.
                   A        B        C        D        E       F      G
               +--------+--------+--------+--------+--------+-----+--------+
         Total |   1622 |   1583 |     39 |    131 |   1194 |   3 |  540.7 |
       Dungeon |   1622 |   1583 |     39 |    131 |   1194 |   3 |  540.7 |
               +--------+--------+--------+--------+--------+-----+--------+

Top non-repeatable levels by time:
     D:2: 859 daAuts
     D:1: 760 daAuts
     D:3: 3 daAuts
